 Dungeon Crawl Stone Soup version 0.26.0-10-g1f06aea511 (webtiles) character file.

Game seed: 4848194940775378104

3206 funkygono the Zephyrmancer (level 9, 0/64 HPs)
             Began as a White Draconian Air Elementalist on Jan 20, 2021.
             Was an Initiate of Vehumet.
             Slain by Erica
             ... wielding a +2 scimitar of flaming
              (3 damage)
             ... on level 8 of the Dungeon.
             The game lasted 00:21:23 (9488 turns).

funkygono the Zephyrmancer (DrAE)                   Turns: 9488, Time: 00:21:23

Health: 0/64       AC:  9    Str: 10    XL:     9   Next: 65%
Magic:  19/20      EV: 12    Int: 18    God:    Vehumet [......]
Gold:   419        SH:  5    Dex: 13    Spells: 8/23 levels left

rFire    . . .     SeeInvis .   f - +7 dagger (protect)
rCold    + . .     Faith    .   (no shield)
rNeg     . . .     Spirit   .   (armour unavailable)
rPois    .         Reflect  +   (helmet restricted)
rElec    .         Harm     .   x - +0 cloak
rCorr    .         Rampage  .   s - +0 pair of gloves
Will     .....                  (no boots)
Stlth    +++.......             v - amulet of reflection
HPRegen  0.20/turn              t - ring of stealth
MPRegen  0.17/turn              (no ring)

@: hasted and slowed
A: breathe frost, unfitting armour, cold resistance 1, cold-blooded, AC +7
a: Breathe Frost, Renounce Religion


You were on level 8 of the Dungeon.
You worshipped Vehumet.
Vehumet was noncommittal.
You visited 2 branches of the dungeon, and saw 9 of its levels.

You collected 419 gold pieces.

Inventory:

Hand Weapons
 e - the +2 mace of Brutal Revenge {flame, Will+}
   (You found it on level 6 of the Dungeon)

   It has been specially enchanted to burn those struck by it, causing extra
   injury to most foes and up to half again as much damage against particularly
   susceptible opponents.
   It affects your willpower, your defense against some magical effects.
 f - a +7 dagger of protection (weapon)
Armour
 s - a +0 pair of gloves (worn)
 x - a +0 cloak (worn)
Jewellery
 d - an uncursed amulet of guardian spirit
 t - a ring of stealth (left hand)
 u - an uncursed ring of fire
 v - an amulet of reflection (around neck)
Wands
 c - a wand of random effects (31)
 g - a wand of flame (17)
 r - a wand of disintegration (11)
Scrolls
 j - 2 scrolls of teleportation
 k - 4 scrolls of magic mapping
 p - a scroll of fear
Potions
 a - a potion of might
 b - a potion of magic
 h - 3 potions of curing
 i - a potion of heal wounds
 l - a potion of mutation
 m - 2 potions of resistance
 n - 3 potions of cancellation
 q - a potion of brilliance
 w - a potion of attraction {unknown}
 z - a potion of flight {unknown}


   Skills:
 + Level 1.1 Fighting
 + Level 1.5 Short Blades
 + Level 2.3 Dodging
 + Level 2.9 Stealth
 + Level 0.5 Shields
 * Level 7.5 Spellcasting
 * Level 7.0 Conjurations
 * Level 8.2 Air Magic


You had 8 spell levels left.
You knew the following spells:

 Your Spells              Type           Power        Failure   Level
a - Shock                 Conj/Air       100%         1%          1
b - Swiftness             Air            36%          1%          2
c - Static Discharge      Conj/Air       34%          1%          3
d - Airstrike             Air            18%          3%          4
e - Lightning Bolt        Conj/Air       17%          12%         5

Your spell library contained the following spells:

 Spells                   Type           Power        Failure   Level


Dungeon Overview and Level Annotations

Branches:
Dungeon (8/15)             Temple (1/1) D:6
   Lair: D:8-11

Altars:
Ashenzari
Cheibriados
Dithmenos
Elyvilon
Fedhas
Hepliaklqana
Kikubaaqudgha
Makhleb
Okawaru
Qazlal
Ru
Sif Muna
Trog
Uskayaw
Vehumet
Wu Jian
Xom
Yredelemnul
Zin
The Shining One
Lugonu

Annotations:
D:8 Erica


Innate Abilities, Weirdness & Mutations

You can breathe waves of freezing cold.
You can buffet flying creatures when you breathe cold.
Your icy white scales are hard. (AC +7)
You cannot fit into any form of body armour.
Your flesh is cold resistant. (rC+)
You are cold-blooded and may be slowed by cold attacks.


Message History

Something hits you but does no damage.
You bump into the rock wall.
You closely miss something.
You hear some strange, mumbled words.
You feel yourself slow down.
You bump into the rock wall.
You feel less confused. Something hits you but does no damage.
Something hits you! Something burns you.
You miss something. You tail-slap something. Something hits you.
Something burns you.
You closely miss something. Something hits you! Something burns you.
You closely miss something. Something barely misses you.
You barely miss something. Something hits you!
* * * LOW HITPOINT WARNING * * *
Something burns you.
* * * LOW HITPOINT WARNING * * *
You feel yourself speed up. Something hits you.
* * * LOW HITPOINT WARNING * * *
Something burns you.
You die...

########.## #.# #..
#.# #.# #.# #.# #.#
#.#
#.#####.########.###
#>..................
#............†......
#######.########.#[.
####################.#
..#.#
................@{...#
.....
.#####################
###.# .# .# .# # .# .#
.# .######## .#
.....)..##.#
#######.##.#


There were no monsters in sight!

Vanquished Creatures
  Maurice (D:8)
  Psyche (D:8)
  Sigmund (D:4)
  Duvessa (D:6)
  A black bear (D:7)
  2 sky beasts
  2 orc warriors (D:7)
  A phantom (D:6)
  An ice beast (D:7)
  2 ogres
  A big kobold (D:7)
  3 bullfrogs
  Dowan (D:6)
  A water moccasin zombie (D:6)
  A scorpion (D:7)
  5 wights (D:6)
  A bullfrog zombie (D:7)
  A quasit (D:7)
  A hound (D:5)
  A jelly (D:7)
  An orc priest (D:7)
  A centaur skeleton (D:7)
  A bullfrog skeleton (D:6)
  2 iguanas
  Natasha (thrice) (D:4)
  4 orc wizards
  4 worker ants
  3 hound skeletons
  A worker ant zombie (D:7)
  Robin (D:4)
  4 gnolls (D:4)
  A howler monkey skeleton (D:4)
  A river rat (D:5)
  5 adders
  2 shadow imps
  An ooze (D:7)
  An adder zombie (D:5)
  2 adder skeletons (D:7)
  4 worms
  A dart slug (D:3)
  A leopard gecko (D:3)
  16 orcs
  2 ball pythons (D:5)
  8 bats
  A bat skeleton (D:2)
  A bat zombie (D:2)
  6 giant cockroaches
  16 goblins
  2 hobgoblins
  7 jackals
  9 kobolds
  3 quokkas
  4 frilled lizards
  A leopard gecko zombie (D:2)
  2 quokka skeletons
  7 rats
158 creatures vanquished.

Vanquished Creatures (others)
  A wizard (D:4)
  A withered plant (D:2)
2 creatures vanquished.

Grand Total: 160 creatures vanquished

Notes
Turn   | Place    | Note
-------+----------+-------------------------------------------
     0 | D:1      | funkygono the Draconian Air Elementalist began the quest
                  | for the Orb.
     0 | D:1      | Reached XP level 1. HP: 14/14 MP: 3/3
   440 | D:1      | Reached XP level 2. HP: 20/20 MP: 3/5
   483 | D:1      | Learned a level 2 spell: Swiftness
   985 | D:2      | You fall into a shaft and drop 2 floors!
   995 | D:4      | Reached XP level 3. HP: 26/26 MP: 0/6
   999 | D:4      | Learned a level 3 spell: Static Discharge
  1077 | D:4      | Found a basalt altar of Yredelemnul.
  1647 | D:2      | Reached XP level 4. HP: 33/33 MP: 2/8
  2247 | D:3      | Noticed a sky beast
  2263 | D:3      | Killed a sky beast
  2264 | D:3      | Reached skill level 4 in Air Magic
  2264 | D:3      | Reached XP level 5. HP: 8/38 MP: 6/10
  2538 | D:3      | Learned a level 4 spell: Airstrike
  3431 | D:4      | Found a snail-covered altar of Cheibriados.
  3625 | D:4      | Noticed an ogre
  3633 | D:4      | Killed an ogre
  3634 | D:4      | Reached XP level 6. HP: 45/45 MP: 4/11
  3922 | D:4      | Reached skill level 1 in Short Blades
  4245 | D:4      | Noticed Sigmund
  4248 | D:4      | Noticed Natasha
  4260 | D:4      | Killed Sigmund
  4261 | D:4      | Your scales start taking on an icy white colour.
  4261 | D:4      | Reached XP level 7. HP: 36/51 MP: 2/13
  4261 | D:4      | Gained mutation: Your flesh is cold resistant. (rC+) [White
                  | Draconian growth]
  4266 | D:4      | Killed Natasha
  4268 | D:4      | Noticed Robin
  4300 | D:4      | Killed Robin
  4301 | D:4      | Reached skill level 5 in Air Magic
  4844 | D:4      | Found a bloodstained altar of Trog.
  4846 | D:4      | Noticed a wizard
  4851 | D:4      | Killed a wizard
  4879 | D:4      | Learned a level 5 spell: Lightning Bolt
  4897 | D:5      | Entered Level 5 of the Dungeon
  5053 | D:4      | Noticed Natasha
  5058 | D:4      | Killed Natasha
  5225 | D:4      | Noticed Natasha
  5232 | D:4      | Killed Natasha
  5483 | D:5      | Reached skill level 5 in Spellcasting
  6100 | D:6      | Got a pitted mace
  6115 | D:6      | Reached skill level 5 in Conjurations
  6115 | D:6      | Reached XP level 8. HP: 58/58 MP: 11/15
  6285 | D:6      | Found a blossoming altar of Fedhas.
  6381 | D:6      | Reached skill level 6 in Air Magic
  6460 | D:6      | Found a staircase to the Ecumenical Temple.
  6466 | Temple   | Entered the Ecumenical Temple
  6540 | D:6      | Found a glowing silver altar of Zin.
  6712 | D:6      | Noticed Duvessa
  6720 | D:6      | Noticed Dowan
  6726 | D:6      | Killed Duvessa
  6732 | D:6      | Killed Dowan
  6983 | D:6      | Found a burning altar of Makhleb.
  7423 | D:6      | Identified the +2 mace of Brutal Revenge {flame, Will+}
                  | (You found it on level 6 of the Dungeon)
  7639 | D:7      | Reached skill level 7 in Air Magic
  7754 | D:7      | Reached XP level 9. HP: 63/63 MP: 7/18
  7823 | D:7      | Reached skill level 1 in Fighting
  8213 | D:7      | Found a shimmering blue altar of Sif Muna.
  8214 | D:7      | Found a bloodstained altar of Trog.
  8214 | D:7      | Found a shadowy altar of Dithmenos.
  8216 | D:7      | Found a sacrificial altar of Ru.
  8218 | D:7      | Found a hazy altar of Hepliaklqana.
  8218 | D:7      | Found a stormy altar of Qazlal.
  8219 | D:7      | Found an iron altar of Okawaru.
  8703 | D:7      | Found a glowing silver altar of Zin.
  8703 | D:7      | Found a radiant altar of Vehumet.
  8707 | D:7      | Became a worshipper of Vehumet
  9141 | D:8      | Noticed Maurice
  9147 | D:8      | Killed Maurice
  9331 | D:8      | Noticed Psyche
  9337 | D:8      | Killed Psyche
  9338 | D:8      | Reached skill level 8 in Air Magic
  9458 | D:8      | Noticed Erica
  9488 | D:8      | HP: 3/64 [something (5)]
  9488 | D:8      | Slain by Erica

Illustrated notes

Levels and vault maps discovered:
D:1:      noname_arrival_rooms_in_the_neighbourhood, layout_basic
D:2:      layout_loops_ring, serial_undead, serial_undead_b, serial_undead_e,
          serial_undead_e, serial_undead_a, minmay_split_cup_small
D:3:      layout_basic, kennysheep_generic_room_3
D:4:      layout_loops_corners, lemuel_doored_altar, yredelemnul_altar_generic,
          corexii_leaking_fountain, trog_wizard, uniq_sigmund, uniq_natasha,
          uniq_robin
D:5:      layout_rooms, portal_sewer_entry_e
D:6:      layout_loops_ring, lightli_temple_of_fire, fedhas_altar_2,
          minmay_temple_entry_hall, enter_ossuary_1, basic_altar, uniq_duvessa
D:7:      layout_basic, gammafunk_temple_overflow_wave,
          grunt_temple_overflow_open, lightli_minifort
D:8:      layout_basic, grunt_temple_overflow_opulence, serial_shops,
          shop_statue, uniq_maurice, uniq_erica, uniq_psyche
Temple:   corrupted_temple

Skill      XL: |  1  2  3  4  5  6  7  8  9 |
---------------+----------------------------+-----
Spellcasting   | 3 4 5 6 7 |  7.5
Conjurations   | 2 3 4 5 6 7 |  7.0
Air Magic      | 4 5 7 8 |  8.2
Stealth        | 2 |  2.9
Short Blades   | 1 |  1.5
Dodging        | 2 |  2.3
Fighting       | 1 |  1.1
Shields        | |  0.5

Action                   |  1- 3 |  4- 6 |  7- 9 || total
-------------------------+-------+-------+-------++-------
Melee: Unarmed           |     2 |       |       ||     2
       Dagger            |    17 |    40 |    66 ||   123
       Tailslap          |     2 |     6 |     7 ||    15
 Cast: Shock             |    59 |    81 |   171 ||   311
       Static Discharge  |       |     4 |    30 ||    34
       Airstrike         |       |       |    20 ||    20
       Lightning Bolt    |       |       |     1 ||     1
 Abil: Breathe Frost     |       |       |     8 ||     8
  Use: Scroll            |     7 |     7 |    14 ||    28
       Potion            |       |       |     1 ||     1
Armor: Skin              |    14 |    22 |    39 ||    75
Dodge: Dodged            |    22 |    33 |    64 ||   119
Block: Other             |       |       |    14 ||    14
       Reflection        |       |       |     1 ||     1
